General information
- name: BNet
- type: Ladder team game (AT/RT)
- host: Battle.net
- saver: Pupa
map: FullScaleAssault
- players: 8
- length: 08:11
- speed: Fast
- version: 1.26 W3XP
- replay type: Public
» download(50 KB)
Players
team 1 (loser)
Blasphemy. (
yellow | 30 APM | 246 actions | 08:11)
2 Shadow Hunter
1 Serpent Ward
1 Healing Wave
» actions
| Assign group hotkey | 9 | |
| Build / train | 29 | |
| Enter build submenu | 16 | |
| Enter hero's abilities submenu | 2 | |
| Remove unit from queue | 3 | |
| Right click | 50 | |
| Select / deselect | 83 | |
| Select group hotkey | 30 | |
| Use ability | 24 | |
246 total
» units
» upgrades
| Armor | 1 | |
| Melee Weapons | 1 | |
| Berserker Strength | 1 | |
| Ranged Weapons | 1 | |
| Shaman Training | 1 | |
5 total
» buildings
| Orc Burrow | 5 | |
| Altar of Storms | 1 | |
| Barracks | 1 | |
| War Mill | 1 | |
| Stronghold | 1 | |
| Fortress | 1 | |
| Spirit Lodge | 1 | |
| Beastiary | 1 | |
| Voodoo Lounge | 1 | |
13 total
» build order
00:23 Orc Burrow
00:37 Altar of Storms
00:54 Barracks
01:19 War Mill
02:12 Orc Burrow
03:27 Stronghold
03:31 Orc Burrow
04:25 Orc Burrow
06:14 Fortress
06:19 Spirit Lodge
06:23 Beastiary
06:33 Voodoo Lounge
08:08 Orc Burrow

»
Pupa (
purple | 43 APM | 349 actions | 08:11)
1 Death Knight
1 Death Coil
» actions
| Assign group hotkey | 5 | |
| Basic commands | 11 | |
| Build / train | 19 | |
| ESC pressed | 1 | |
| Enter build submenu | 16 | |
| Enter hero's abilities submenu | 1 | |
| Right click | 104 | |
| Select / deselect | 123 | |
| Select group hotkey | 57 | |
| Use ability | 12 | |
349 total
» units
» upgrades
| Creature Attack | 2 | |
| Creature Carapace | 2 | |
4 total
» buildings
| Crypt | 2 | |
| Graveyard | 1 | |
| Altar of Darkness | 1 | |
| Ziggurat | 4 | |
| Tomb of Relics | 1 | |
| Halls of the Dead | 1 | |
| Black Citadel | 1 | |
| Sacrificial Pit | 1 | |
12 total
» build order
00:31 Crypt
00:56 Graveyard
01:02 Altar of Darkness
01:28 Crypt
01:52 Ziggurat
01:57 Tomb of Relics
02:16 Ziggurat
02:40 Ziggurat
03:20 Halls of the Dead
04:04 Ziggurat
06:08 Black Citadel
06:41 Sacrificial Pit
» items
| Rod of Necromancy | 1 | |
| Dust of Appearance | 1 | |
2 total
Brazil-Mga (
orange | 77 APM | 628 actions | 08:11)
2 Blademaster
1 Mirror Image
1 Wind Walk
» actions
| Assign group hotkey | 8 | |
| Build / train | 21 | |
| Enter build submenu | 9 | |
| Enter hero's abilities submenu | 2 | |
| Right click | 223 | |
| Select / deselect | 63 | |
| Select group hotkey | 291 | |
| Use ability | 11 | |
628 total
» units
» upgrades
| Melee Weapons | 1 | |
| Pillage | 1 | |
| Armor | 1 | |
| Ranged Weapons | 1 | |
4 total
» buildings
| Altar of Storms | 1 | |
| Orc Burrow | 5 | |
| Barracks | 1 | |
| War Mill | 1 | |
| Stronghold | 1 | |
9 total
» build order
00:09 Altar of Storms
00:13 Orc Burrow
00:18 Barracks
01:59 Orc Burrow
02:24 War Mill
03:08 Orc Burrow
03:38 Orc Burrow
04:16 Orc Burrow
06:03 Stronghold

»
fromhell07 (
red | 21 APM | 172 actions | 08:11)
2 Crypt Lord
1 Carrion Beetles
1 Spiked Carapace
» actions
| Build / train | 22 | |
| Enter build submenu | 9 | |
| Enter hero's abilities submenu | 2 | |
| Right click | 66 | |
| Select / deselect | 61 | |
| Use ability | 12 | |
172 total
» units
| Acolyte | 2 | |
| Ghoul | 6 | |
| Crypt Fiend | 8 | |
| Goblin Shredder | 1 | |
17 total
» upgrades
» buildings
| Altar of Darkness | 1 | |
| Crypt | 1 | |
| Ziggurat | 4 | |
| Graveyard | 1 | |
| Tomb of Relics | 1 | |
| Halls of the Dead | 1 | |
| Temple of the Damned | 1 | |
10 total
» build order
00:10 Altar of Darkness
00:20 Crypt
00:37 Ziggurat
02:01 Graveyard
02:23 Ziggurat
04:15 Tomb of Relics
04:17 Halls of the Dead
07:10 Ziggurat
07:20 Temple of the Damned
07:29 Ziggurat
team 2 (winner)
downpour (
teal | 28 APM | 232 actions | 08:11)
2 Archmage
1 Summon Water Elemental
1 Blizzard
» actions
| Assign group hotkey | 3 | |
| Basic commands | 4 | |
| Build / train | 26 | |
| Enter build submenu | 13 | |
| Enter hero's abilities submenu | 2 | |
| Right click | 52 | |
| Select / deselect | 58 | |
| Select group hotkey | 53 | |
| Use ability | 21 | |
232 total
» units
» buildings
| Farm | 5 | |
| Altar of Kings | 1 | |
| Barracks | 1 | |
| Arcane Vault | 1 | |
| Blacksmith | 1 | |
| Lumber Mill | 1 | |
| Keep | 1 | |
| Town Hall | 1 | |
| Castle | 1 | |
| Gryphon Aviary | 2 | |
15 total
» build order
00:31 Farm
00:43 Altar of Kings
00:59 Barracks
01:12 Farm
01:49 Farm
02:01 Arcane Vault
02:14 Farm
02:33 Blacksmith
02:58 Farm
03:18 Lumber Mill
04:52 Keep
05:33 Town Hall
07:51 Castle
08:01 Gryphon Aviary
08:05 Gryphon Aviary
» items
| Scroll of Regeneration | 1 | |
| Scroll of Speed | 1 | |
2 total

»
BeOnWitANewName (
blue | 133 APM | 1085 actions | 08:11)
1 Crypt Lord
1 Carrion Beetles
» actions
| Assign group hotkey | 61 | |
| Basic commands | 172 | |
| Build / train | 19 | |
| Enter build submenu | 16 | |
| Enter hero's abilities submenu | 1 | |
| Give item / drop item | 1 | |
| Right click | 385 | |
| Select / deselect | 200 | |
| Select group hotkey | 205 | |
| Use ability | 25 | |
1085 total
» units
» buildings
| Altar of Darkness | 1 | |
| Crypt | 2 | |
| Ziggurat | 6 | |
| Tomb of Relics | 1 | |
| Graveyard | 1 | |
| Nerubian Tower | 1 | |
12 total
» build order
00:27 Altar of Darkness
00:40 Crypt
00:45 Ziggurat
00:59 Crypt
01:28 Ziggurat
02:06 Tomb of Relics
02:30 Graveyard
03:57 Ziggurat
04:51 Ziggurat
04:51 Ziggurat
04:52 Ziggurat
06:46 Nerubian Tower
» items
| Rod of Necromancy | 1 | |
| Sacrificial Skull | 2 | |
3 total
Nathan123 (
green | 22 APM | 178 actions | 08:11)
2 Paladin
1 Holy Light
1 Devotion Aura
» actions
| Build / train | 31 | |
| Enter build submenu | 14 | |
| Enter hero's abilities submenu | 2 | |
| Right click | 48 | |
| Select / deselect | 59 | |
| Use ability | 24 | |
178 total
» units
» upgrades
» buildings
| Altar of Kings | 1 | |
| Farm | 5 | |
| Barracks | 1 | |
| Lumber Mill | 1 | |
| Arcane Vault | 1 | |
| Blacksmith | 1 | |
| Keep | 1 | |
| Scout Tower | 2 | |
| Castle | 1 | |
| Town Hall | 1 | |
15 total
» build order
00:23 Altar of Kings
00:38 Farm
00:54 Barracks
01:14 Farm
01:33 Lumber Mill
01:56 Farm
02:06 Arcane Vault
02:38 Farm
03:16 Blacksmith
03:59 Keep
04:37 Farm
07:59 Scout Tower
08:00 Castle
08:07 Town Hall
08:09 Scout Tower
Cash_Bone_1 (
pink | 43 APM | 353 actions | 08:11)
2 Far Seer
1 Feral Spirit
1 Chain Lighting
» actions
| Assign group hotkey | 19 | |
| Basic commands | 10 | |
| Build / train | 21 | |
| Enter build submenu | 7 | |
| Enter hero's abilities submenu | 2 | |
| Remove unit from queue | 1 | |
| Right click | 123 | |
| Select / deselect | 67 | |
| Select group hotkey | 83 | |
| Use ability | 20 | |
353 total
» units
» upgrades
» buildings
| Orc Burrow | 4 | |
| Altar of Storms | 1 | |
| War Mill | 1 | |
| Stronghold | 1 | |
| Voodoo Lounge | 1 | |
8 total
» build order
00:20 Orc Burrow
00:43 Altar of Storms
00:56 War Mill
01:25 Orc Burrow
02:41 Stronghold
03:09 Voodoo Lounge
03:35 Orc Burrow
03:37 Orc Burrow
» items
| Circlet of Nobility | 1 | |
| Staff of Teleportation | 1 | |
| Boots of Speed | 1 | |
3 total
Chat log
(00:07 / All) Cash_Bone_1: cash bone lag now
(00:11 / All) Pupa: Engaging Shock Units
(00:13 / All) Pupa: *Bzzt bzzt*
(00:25 / All) Cash_Bone_1: i'm not going to drop
(00:26 / All) downpour: cashbone sucks hes on shitlist
(00:28 / All) Cash_Bone_1: I control the lag
(00:31 / All) BeOnWitANewName: well
(00:32 / All) BeOnWitANewName: you're fat
(00:33 / All) Pupa: Good Job.
(00:34 / All) BeOnWitANewName: and ugly
(00:35 / All) BeOnWitANewName: all at the same time
(00:52 / All) Pupa: You must have been very popular with the women in your high school.
(00:53 / All) downpour: hooray 4 noob
(01:15 / All) Cash_Bone_1: my favorite pickup line in high school was "I want to treat your mouth like a toilet"
(01:26 / All) BeOnWitANewName: that's wonderful
(01:44 / All) Cash_Bone_1: thats what women want
(01:49 / All) Cash_Bone_1: they want you to treat them like a piece of shit
(02:00 / All) Cash_Bone_1: i had this girl I treated right and she called me an asshole
(02:01 / All) BeOnWitANewName: women tell me that hackers are virgins
(02:05 / All) Cash_Bone_1: i fucked her sister and she begged me to come back
(02:34 / All) Cash_Bone_1: women want an asshole
(02:39 / All) Cash_Bone_1: why not give them what they want?
(02:45 / All) BeOnWitANewName: basically yeah
(02:50 / All) BeOnWitANewName: you're spot on cool bro
(03:26 / All) Cash_Bone_1: you don't agree?
(03:35 / All) BeOnWitANewName: not really no
(03:44 / All) Cash_Bone_1: how old are you?
(03:47 / All) BeOnWitANewName: 13
(03:49 / All) BeOnWitANewName: women are ugly man
(03:51 / All) BeOnWitANewName: ur gay
(04:09 / All) Cash_Bone_1: treat her like a piece of shit, she'll thank you
(04:34 / All) BeOnWitANewName: one other thing
(04:36 / All) BeOnWitANewName: i dont like hackers
(04:40 / All) BeOnWitANewName: so this is for you
(04:44 / All) BeOnWitANewName: shoulda treated me like shit
(04:51 / All) Cash_Bone_1: every girl you meet thinks just becausse you got your dick wet you wqant to marry her
(05:00 / All) Cash_Bone_1: I think it's muich crueler to string her along
(05:05 / All) BeOnWitANewName: look at your base.
(05:07 / All) Cash_Bone_1: let her know what she is to you, treat her like a piece fo shit
(05:10 / All) Cash_Bone_1: be honest with each other
(05:23 / All) Pupa: yeah i don't have anything
(05:28 / All) Pupa: Lol
(05:31 / All) BeOnWitANewName: still gonna play
(05:33 / All) BeOnWitANewName: if you want
(05:36 / All) Pupa: sure
(05:52 / All) Pupa: that way il'l at least stand a chance
(06:20 / All) Pupa: didn't get any exp from that
(06:21 / All) Pupa: Oh well
(06:22 / All) Pupa: Lol
(06:24 / All) BeOnWitANewName: actually shop can stay
(06:26 / All) BeOnWitANewName: ill use that
(06:32 / All) Pupa: kay
(06:53 / All) BeOnWitANewName: pink mad bruh
(06:58 / All) BeOnWitANewName: so is teal
(06:59 / All) BeOnWitANewName: he's killing me
(07:01 / All) Pupa: lol
(07:02 / All) Cash_Bone_1: why would I be mad
(07:06 / All) Pupa: Doesn't he realize
(07:09 / All) Pupa: That you did him a service
(07:09 / All) BeOnWitANewName: no stfu green
(07:11 / All) BeOnWitANewName: anyone who calls a rush
(07:13 / All) Cash_Bone_1: i could lag the game up for the next hour and ntohign you could do
(07:15 / All) BeOnWitANewName: without even scouting
(07:17 / All) BeOnWitANewName: doesnt deserve to win
(07:17 / All) BeOnWitANewName: ever
(07:31 / All) Pupa: And your allise WANT to play with this guy?
(07:35 / All) Pupa: So badly that they'll kill you for it?
(07:43 / All) Pupa: Random Teamâ„¢
(07:57 / All) Cash_Bone_1: blue just mad he hasn't tasted any tang yet
(07:59 / All) Cash_Bone_1: i understand
(08:02 / All) Cash_Bone_1: i was like him until I was 15
(08:07 / All) BeOnWitANewName: alright remake
(08:09 / All) BeOnWitANewName: point mad
(08:09 / All) Pupa: K